 Dungeon Crawl Stone Soup version 0.23-a0-767-gdc19b93d68 (webtiles) character file.

63 LLavrengius the Changer (level 4, -1/28 HPs)
             Began as an Octopode Transmuter on Jan 19, 2019.
             Killed from afar by an orc wizard (8 damage)
             ... with a magic dart
             ... on level 3 of the Dungeon.
             The game lasted 00:06:54 (2249 turns).

LLavrengius the Changer (Octopode Transmuter)       Turns: 2249, Time: 00:06:55

Health: -1/28      AC:  1    Str:  9    XL:     4   Next: 10%
Magic:  7/7        EV: 13    Int: 16    God:
Gold:   66         SH:  0    Dex: 12    Spells: 4/7 levels left

rFire    . . .     SeeInvis +     - Unarmed
rCold    . . .     Gourm    +   (no shield)
rNeg     . . .     Faith    .   (helmet restricted)
rPois    .         Spirit   .   h - amulet of the gourmand
rElec    .         Reflect  .   b - ring of see invisible
rCorr    .         Harm     .   (no ring)
MR       .....                  (no ring)
Stlth    ++........             (no ring)
HPRegen  0.09/turn              (no ring)
MPRegen  0.10/turn              (no ring)
                                (no ring)
                                (no ring)

@: appendage (expiring)
A: almost no armour, stealthy swim, amphibious, 8 rings, constrict 8, tentacle
spike 3, camouflage 1, gelatinous body 1
a: End Transformation


You were on level 3 of the Dungeon.
You were not hungry.
One of your tentacles had a temporary spike.
You visited 1 branch of the dungeon, and saw 3 of its levels.

You collected 66 gold pieces.

Inventory:

Missiles
 a - 10 arrows
Jewellery
 b - a ring of see invisible (left tentacle)
 h - an amulet of the gourmand (around mantle)
Scrolls
 d - 2 scrolls of fear {unknown}
 e - a scroll of noise {unknown}
 f - 6 scrolls of identify {unknown}
 j - a scroll of immolation {unknown}
 k - a scroll of enchant weapon {unknown}
 l - a scroll of blinking {unknown}
 n - a scroll of teleportation {unknown}
 p - a scroll of remove curse {unknown}
Potions
 g - a potion of lignification {unknown}
 i - a potion of degeneration {unknown}
 m - 2 potions of brilliance {unknown}
 o - a potion of ambrosia {unknown}
Comestibles
 c - 5 rations


   Skills:
 - Level 1.0 Fighting
 - Level 2.0 Dodging
 - Level 3.0 Unarmed Combat
 - Level 2.0 Spellcasting
 + Level 4.2 Transmutations


You had 4 spell levels left.
You knew the following spells:

 Your Spells              Type           Power        Failure   Level  Hunger
a - Beastly Appendage     Tmut           ###...       3%          1    #......
b - Sticks to Snakes      Tmut           ###.....     5%          2    ###....

Your spell library contained the following spells:

 Spells                   Type           Power        Failure   Level  Hunger
 Spider Form              Tmut/Pois      #.........   26%         3    ###....
 Ice Form                 Ice/Tmut       #.......     65%         4    #####..
 Blade Hands              Tmut           ###.......   69%         5    ######.


Dungeon Overview and Level Annotations

Branches:
Dungeon (3/15)

Altars:


Innate Abilities, Weirdness & Mutations

You cannot wear most types of armour.
You are very stealthy in the water. (Stealth+)
You are amphibious.
You can wear up to eight rings at the same time.
You can use your tentacles to constrict eight enemies at once.
Your skin changes colour to match your surroundings (Stealth+).
Your rubbery body absorbs attacks. (AC +1, EV +1)
One of your tentacles bears a large vicious spike.


Message History

* * * LOW HITPOINT WARNING * * *
You tentacle-slap the orc wizard but do no damage.
The orc wizard is heavily wounded.
Your transformation is almost over.
You constrict the orc wizard, but do no damage.
The orc wizard barely misses you.
You tentacle-slap the orc wizard but do no damage.
You squeeze the orc wizard, but do no damage.
The orc wizard is heavily wounded.
You constrict the orc wizard.
The rat twitches its whiskers.
The orc wizard hits you with a +0 dagger.
* * * LOW HITPOINT WARNING * * *
You tentacle-slap the orc wizard.
You pierce the orc wizard, but do no damage.
The orc wizard is severely wounded.
You constrict the orc wizard.
The orc wizard points at you and mumbles some strange words.
The magic dart hits you!
You die...

.. ..$ # ..# ##.# .#
#.. #### ##.S. .##..
...##..# [.#.# #..!.#
#.#.# ##...## .
#.#.#####r.#..##....
#.#.#.@oooo.....%#
#....†####.##)####
##)....##..# .#
#..#.#....## ..
#.##.##)..####..
#####.##.#.†.....####
###.....##...#.....#
#...#########....###
##>### #....#


You could see an orc wizard (invisible), 3 orcs and a rat.

Vanquished Creatures
  A worm (D:3)
  A leopard gecko (D:2)
  2 orcs (D:3)
  4 ball pythons
  A giant cockroach (D:2)
  6 goblins
  8 hobgoblins
  5 jackals
  7 bats
  3 frilled lizards
  6 kobolds (D:1)
  5 rats
49 creatures vanquished.

Vanquished Creatures (collateral kills)
  An adder (D:3)
1 creature vanquished.

Grand Total: 50 creatures vanquished

Notes
Turn   | Place    | Note
-------+----------+-------------------------------------------
     0 | D:1      | LLavrengius the Octopode Transmuter began the quest for the
                  | Orb.
     0 | D:1      | Reached XP level 1. HP: 13/13 MP: 3/3
   235 | D:1      | Reached XP level 2. HP: 8/18 MP: 5/5
   243 | D:1      | Learned a level 2 spell: Sticks to Snakes
   481 | D:1      | Reached skill level 3 in Transmutations
   923 | D:1      | Reached XP level 3. HP: 17/23 MP: 6/6
  2059 | D:3      | Reached skill level 4 in Transmutations
  2113 | D:3      | Reached XP level 4. HP: 9/28 MP: 4/7
  2249 | D:3      | Killed from afar by an orc wizard

Vault maps used:
D:1:      dpeg_arrival_brainrot
D:3:      uniq_natasha, uniq_crazy_yiuf_cottage, uniq_jessica

Skill      XL: |  1  2  3 |
---------------+----------+-----
Transmutations | 3 4 |  4.2
Fighting       | |  1.0
Dodging        | |  2.0
Unarmed Combat | |  3.0
Spellcasting   | |  2.0

Action                   |  1- 3 |  4- 6 || total
-------------------------+-------+-------++-------
Melee: Unarmed           |   105 |    17 ||   122
       Constrict         |    26 |     3 ||    29
       Tentacles         |    19 |     3 ||    22
       Kick              |     2 |     5 ||     7
 Cast: Beastly Appendage |     1 |     3 ||     4
       Sticks to Snakes  |     1 |     1 ||     2
 Stab: Sleeping          |    12 |       ||    12
  Eat: Chunk             |     6 |     1 ||     7
Armor: Skin              |     5 |       ||     5
Dodge: Dodged            |    60 |     6 ||    66

Table legend:
 A = Non-vault XP
 B = Vault XP
 C = Vault XP percentage of total XP
 D = Non-vault monster count
 E = Vault monster count
 F = Vault count percentage of total count
                 A         B        C        D         E       F
            +---------+---------+-------+---------+---------+-------
      Total |      89 |       2 |   2.2 |      49 |       1 |   2.0
            +---------+---------+-------+---------+---------+-------
        D:1 |      33 |       2 |   5.7 |      22 |       1 |   4.3
        D:2 |      32 |       0 |   0.0 |      19 |       0 |   0.0
        D:3 |      24 |       0 |   0.0 |       8 |       0 |   0.0
            +---------+---------+-------+---------+---------+-------
